 Dungeon Sprint DCSS version 0.17-a0-1150-g17b0b87 (webtiles) character file.

1635 nuthulu the Grappler (level 8, -2/93 HPs)
             Began as a Troll Berserker on May 27, 2015.
             Was an Elder of Trog.
             Slain by a demonic crawler (10 damage)
             ... in the Dungeon (Sprint I: "Red Sonja").
             The game lasted 00:01:41 (271 turns).

nuthulu the Grappler (Troll Berserker)               Turns: 271, Time: 00:01:41

Health: -2/93      AC:  5    Str: 27    XL:     8   Next: 66%
Magic:  7/7        EV: 13    Int:  3    God:    Trog [****..]
Gold:   413        SH:  0    Dex: 10    Spells: 0 memorised, 7 levels left

rFire  . . .     SeeInvis .       - Unarmed
rCold  . . .     Clarity  .     a - +0 animal skin
rNeg   . . .     SustAt   .     (no shield)
rPois  .         Gourm    +     (helmet restricted)
rElec  .         Spirit   .     (no cloak)
rCorr  .         Warding  .     (gloves unavailable)
rMut   .         NoTele   +     (boots unavailable)
MR     .....                    (no amulet)
Stlth  +.........               (no ring)
                                (no ring)

@: not resistant to hostile enchantments, very unstealthy
A: unfitting armour, claws 3, fast metabolism 3, gourmand, regeneration 2,
shaggy fur 1, tough skin 2
a: Burn Spellbooks, Berserk, Trog's Hand, Brothers in Arms, Renounce Religion


You were in the Dungeon.
You worshipped Trog.
Trog was greatly pleased with you.
You were not hungry.

You visited 1 branch You collected 413 gold pieces.

Inventory:

Armour
 a - a +0 animal skin (worn)
Scrolls
 h - a scroll of blinking
Potions
 c - a potion of curing
 e - a potion of haste
 f - 2 potions of magic
 g - a potion of berserk rage
Comestibles
 b - 2 bread rations


   Skills:
 * Level 9.7 Fighting
 * Level 9.9 Dodging
 + Level 0.4 Stealth
 * Level 11.6 Unarmed Combat


You had 7 spell levels left.
You didn't know any spells.

Dungeon Overview and Level Annotations

Branches:
Dungeon (1/1)

Altars:
Cheibriados
Dithmenos
Elyvilon
Fedhas
Gozag
Kikubaaqudgha
Makhleb
Nemelex Xobeh
Okawaru
Qazlal
Ru
Sif Muna
Trog
Vehumet
Xom
Yredelemnul
Zin
The Shining One
Jiyva

Shops:
D (


Innate Abilities, Weirdness & Mutations

You are too large for most types of armour.
You have claws for hands.
Your metabolism is lightning-fast.
You like to eat raw meat.
You heal very quickly.
You are covered in fur (AC +1).
You have very tough skin (AC +2).


Message History

The demonic crawler is moderately wounded.
The demonic crawler hits you!
* * * LOW HITPOINT WARNING * * *
The demonic crawler barely misses you. The demonic crawler hits you.
* * * LOW HITPOINT WARNING * * *
You mangle the demonic crawler!!
The demonic crawler is severely wounded.
You feel less exhausted.
The demonic crawler hits you but does no damage.
The demonic crawler hits you!
* * * LOW HITPOINT WARNING * * *
The demonic crawler completely misses you.
The demonic crawler misses you. The demonic crawler barely misses you.
The demonic crawler barely misses you.
You mangle the demonic crawler!!
You kill the demonic crawler!
Trog accepts your kill.
You scratch the demonic crawler but do no damage.
The demonic crawler hits you!
You die...

##################
.#..'..#__#..'.).#
.').#..'..'..#)..##+#
'#####'#__####..@ss.#
.#...#.#### #####..+
##..##.# ## _##'#..+
..†..._# _##_.#+#
_###+# ##


You could see 2 demonic crawlers.

Vanquished Creatures
  2 kobold demonologists (D)
  2 demonic crawlers (D)
  A slime creature (D)
  Sigmund (D)
  A yak (D)
  An ogre (D)
  A crimson imp (D)
  A jelly (D)
  Ijyb (D)
  A giant eyeball (D)
12 creatures vanquished.

Notes
Turn   | Place    | Note
--------------------------------------------------------------
     0 | D        | nuthulu the Troll Berserker began the quest for the Orb.
     0 | D        | Reached XP level 1. HP: 22/22 MP: 0/0
     1 | D        | Noticed Ijyb
    19 | D        | Killed Ijyb
    19 | D        | Reached skill level 4 in Unarmed Combat
    19 | D        | Reached XP level 2. HP: 22/32 MP: 1/1
    40 | D        | Noticed an ogre
    43 | D        | Killed an ogre
    43 | D        | Acquired Trog's second power
    43 | D        | Reached skill level 5 in Fighting
    43 | D        | Reached skill level 5 in Dodging
    43 | D        | Reached skill level 6 in Unarmed Combat
    43 | D        | Reached XP level 3. HP: 38/42 MP: 2/2
    43 | D        | Reached XP level 4. HP: 45/50 MP: 3/3
    53 | D        | Noticed Sigmund
    57 | D        | Killed Sigmund
    57 | D        | Reached skill level 7 in Unarmed Combat
    57 | D        | Reached XP level 5. HP: 57/61 MP: 4/4
    57 | D        | Reached XP level 6. HP: 63/68 MP: 5/5
    84 | D        | Found a deep blue altar of Sif Muna.
    85 | D        | Noticed a jelly
    86 | D        | Found a radiant altar of Vehumet.
    92 | D        | Killed a jelly
   114 | D        | Found Mehyora's Weapon Emporium.
   114 | D        | Found a white marble altar of Elyvilon.
   114 | D        | Found a stormy altar of Qazlal.
   114 | D        | Found a burning altar of Makhleb.
   114 | D        | Found a sacrificial altar of Ru.
   114 | D        | Found a basalt altar of Yredelemnul.
   114 | D        | Found a glowing golden altar of the Shining One.
   114 | D        | Found a sparkling altar of Nemelex Xobeh.
   114 | D        | Found a shimmering altar of Xom.
   114 | D        | Found an opulent altar of Gozag.
   114 | D        | Found an ancient bone altar of Kikubaaqudgha.
   114 | D        | Found a glowing silver altar of Zin.
   114 | D        | Noticed a yak
   118 | D        | Killed a yak
   118 | D        | Reached skill level 8 in Unarmed Combat
   119 | D        | Found an iron altar of Okawaru.
   120 | D        | Found a bloodstained altar of Trog.
   151 | D        | Found a viscous altar of Jiyva.
   151 | D        | Found a blossoming altar of Fedhas.
   151 | D        | Noticed a slime creature
   152 | D        | Found a snail-covered altar of Cheibriados.
   152 | D        | Found a shadowy altar of Dithmenos.
   158 | D        | Killed a slime creature
   158 | D        | Reached skill level 9 in Unarmed Combat
   158 | D        | Reached XP level 7. HP: 61/80 MP: 6/6
   199 | D        | Noticed a kobold demonologist
   200 | D        | Noticed a kobold demonologist
   204 | D        | Paralysed by a giant eyeball for 2 turns
   212 | D        | Killed a kobold demonologist
   212 | D        | Reached skill level 10 in Unarmed Combat
   213 | D        | Paralysed by a giant eyeball for 4 turns
   221 | D        | Killed a kobold demonologist
   221 | D        | Acquired Trog's third power
   221 | D        | Reached XP level 8. HP: 92/92 MP: 7/7
   256 | D        | Noticed a demonic crawler
   256 | D        | Noticed a demonic crawler
   256 | D        | Noticed a demonic crawler
   256 | D        | Noticed a demonic crawler
   265 | D        | Killed a demonic crawler
   265 | D        | Reached skill level 11 in Unarmed Combat
   270 | D        | Killed a demonic crawler
   271 | D        | Slain by a demonic crawler

Vault maps used:
D:        dungeon_sprint_1

Action                   |  1- 3 |  4- 6 |  7- 9 || total
-------------------------+-------+-------+-------++-------
Melee: Unarmed           |    20 |    16 |    28 ||    64
Invok: Berserk           |       |       |     1 ||     1
  Use: Scroll            |       |     1 |       ||     1
       Potion            |       |       |     1 ||     1
  Eat: Chunk             |       |     4 |       ||     4
